Map: Last Fantasy LE

Players

ByuN - Winner!

  • Race: Terran Terran
  • League: Diamond
  • Spawn Location: 3:00

Gerald

  • Race: Protoss Protoss
  • League: Master
  • Spawn Location: 7:00

VOD

Have the link to the VOD?

Description

Time

  • Played on: June 17, 2025, 8:46 p.m.
  • Length: 8:23
Show
View Real Time Build Order
Export as new Build Order

ByuN Terran - Winner!

Build Orders: Gas First Reaper Expand 

Get SALT Encoding   

  12  0:00  SCV  
  13  0:12  SCV  
  14  0:17  Supply Depot  
  14  0:25  SCV  
  15  0:28  Refinery  
  15  0:38  SCV  
  16  0:44  Barracks  
  16  0:51  SCV  
  17  1:03  SCV  
  18  1:15  SCV  
  19  1:31  Reaper, Orbital Command  
  20  1:43  Command Center  
  20  1:53  Factory  
  20  1:59  SCV  
  21  2:02  Refinery  
  21  2:06  Barracks Reactor  
  21  2:11  SCV  
  22  2:15  Supply Depot  
  22  2:23  SCV  
  23  2:37  SCV  
  23  2:39  Factory Tech Lab  
  23  2:41  Starport  
  23  2:43  Marine x2  
  26  2:49  SCV  
  27  2:55  Orbital Command  
  27  3:00  Cyclone  
  27  3:03  Marine  
  31  3:07  SCV  
  31  3:13  Orbital Command  
  31  3:18  Medivac  
  31  3:19  SCV  
  35  3:23  Marine  
  35  3:24  Marine  
  36  3:31  SCV  
  37  3:35  Supply Depot  
  37  3:40  SCV  
  37  3:41  Marine, Factory Tech Lab  
  38  3:43  SCV  
  40  3:52  SCV  
  41  3:55  SCV, Marine  
  41  3:59  Banshee, Marine  
  41  4:00  Bunker  
  41  4:01  Cloaking Field  
  46  4:06  Refinery  
  46  4:08  SCV x2  
  48  4:14  Marine  
  49  4:17  Marine  
  49  4:20  SCV  
  49  4:21  Siege Tank  
  54  4:25  Barracks  
  54  4:29  SCV  
  54  4:39  Supply Depot, Marine x2  
  54  4:40  SCV  
  54  4:43  Engineering Bay  
  54  4:44  Banshee  
  60  4:46  SCV  
  61  4:55  Barracks  
  61  4:59  SCV  
  62  5:01  Siege Tank, SCV  
  62  5:02  Marine  
  62  5:06  Supply Depot  
  67  5:10  Terran Infantry Weapons Level 1  
  67  5:12  SCV  
  68  5:15  SCV  
  69  5:24  SCV, Bunker  
  69  5:28  SCV, Marine x2  
  73  5:37  Siege Tank  
  73  5:40  SCV  
  73  5:41  Refinery  
  76  5:44  SCV  
  76  5:48  Supply Depot  
  76  5:49  Marine  
  78  5:50  Stimpack  
  78  5:52  SCV  
  76  5:57  SCV  
  76  6:00  Supply Depot  
  76  6:02  Marine  
  78  6:06  Marine  
  78  6:07  SCV  
  78  6:10  SCV  
  77  6:18  Marauder  
  77  6:19  SCV  
  77  6:20  Starport Reactor, Marine  
  77  6:22  SCV  
  77  6:24  Marine  
  81  6:27  Supply Depot, Factory Reactor  
  81  6:31  SCV  
  82  6:39  Marauder x2, Marine  
  87  6:41  Combat Shield  
  87  6:42  Marine  
  87  6:43  Command Center  
  88  6:49  Barracks  
  88  6:53  Barracks  
  88  6:55  SCV x2  
  88  6:59  Supply Depot  
  90  7:05  Marauder x2, Marine x2  
  96  7:10  Medivac x2  
  96  7:15  Supply Depot, SCV, Ghost Academy  
  101  7:32  Marauder x2, Marine x2  
  107  7:39  Barracks Tech Lab  
  107  7:45  Barracks Reactor  
  107  7:48  SCV  
  105  7:54  Marauder x2  
  105  7:57  SCV  
  99  8:07  SCV  
  99  8:09  SCV  
Show
View Real Time Build Order
Export as new Build Order

Gerald Protoss 

Build Orders: 1 Gate Expand, Blink Stalkers, Zealot Archon 

Get SALT Encoding   

  12  0:00  Probe  
  13  0:12  Probe  
  14  0:17  Pylon  
  14  0:22  Probe  
  15  0:31  Probe  
  16  0:36  Gateway  
  16  0:40  Probe  
  16  0:45  Assimilator  
  17  0:52  Probe  
  18  1:04  Probe  
  19  1:16  Probe  
  20  1:22  Cybernetics Core  
  20  1:28  Probe  
  21  1:34  Nexus  
  21  1:41  Probe  
  21  1:44  Pylon  
  22  1:50  Assimilator, Stalker  
  22  1:53  Probe  
  23  2:04  Warp Gate  
  23  2:07  Probe  
  26  2:12  Stalker  
  26  2:19  Probe  
  26  2:26  Shield Battery  
  28  2:33  Probe  
  29  2:38  Blink, Twilight Council  
  29  2:45  Probe  
  29  2:50  Probe  
  31  2:57  Probe  
  32  3:02  Probe  
  33  3:09  Probe  
  34  3:14  Probe  
  35  3:21  Probe  
  35  3:24  Gateway  
  35  3:26  Probe  
  37  3:31  Gateway  
  37  3:33  Probe  
  38  3:38  Probe  
  39  3:42  Pylon  
  39  3:45  Probe  
  40  3:51  Probe  
  41  3:56  Stalker  
  41  3:57  Probe  
  44  4:03  Probe  
  46  4:10  Probe  
  46  4:11  Nexus  
  46  4:15  Probe, Pylon  
  46  4:21  Stalker  
  46  4:22  Probe, Stalker  
  46  4:23  Shield Battery  
  51  4:27  Probe  
  52  4:34  Probe, Stalker  
  54  4:39  Probe  
  54  4:44  Assimilator  
  54  4:45  Nexus  
  55  4:46  Pylon  
  55  4:49  Stalker  
  55  4:50  Stalker  
  42  4:52  Charge  
  59  4:59  Pylon  
  59  5:04  Probe  
  60  5:07  Templar Archives  
  60  5:13  Pylon  
  60  5:22  Probe  
  60  5:23  Probe  
  60  5:26  Stalker x3  
  67  5:34  Probe  
  67  5:35  Probe  
  65  5:45  Shield Battery  
  65  5:46  Probe  
  65  5:47  Probe, Robotics Facility  
  65  5:55  Probe  
  64  5:58  Probe  
  64  5:59  Probe  
  64  6:04  Probe  
  59  6:10  High Templar, Probe  
  59  6:11  Zealot x2, Probe  
  56  6:19  Probe  
  56  6:22  Probe  
  56  6:23  Probe  
  57  6:27  Psionic Storm  
  57  6:31  Probe  
  58  6:34  Probe  
  58  6:35  Probe  
  58  6:37  Shield Battery  
  58  6:39  Probe, Observer  
  59  6:43  High Templar  
  59  6:44  Zealot x2  
  59  6:46  Probe  
  67  6:47  Probe x2  
  69  6:56  Pylon  
  69  6:58  Probe x2  
  69  6:59  Probe, Observer  
  73  7:07  Zealot x2  
  77  7:10  Probe x2  
  77  7:11  Gateway  
  77  7:12  Probe  
  77  7:13  Gateway  
  80  7:22  Probe x2  
  81  7:24  Archon  
  81  7:26  Probe  
  81  7:28  High Templar  
  84  7:30  Zealot x2  
  84  7:38  Probe  
  84  7:39  Probe, Pylon  
  84  7:44  Gateway x2, Probe  
  84  7:47  Gateway  
  59  8:03  Stalker x3  
  61  8:11  Probe  
  52  8:12  Zealot  
  52  8:13  Zealot  
Tags
 
Add a new tag
Caveats
  • Supply blocks, unpowered buildings, or Contaminate may cause inaccurate times.
  • Supply counts are checked every 10 seconds.